 Dungeon Crawl Stone Soup version 0.28.0 (webtiles) character file.

Game seed: 4510282223790365294

109 Akaron the Digger (level 4, 0/27 HPs)
             Began as an Octopode Earth Elementalist on Feb 6, 2022.
             Slain by a sky beast (1 damage)
             ... on level 2 of the Dungeon.
             The game lasted 00:04:50 (2693 turns).

Akaron the Digger (Octopode Earth Elementalist)     Turns: 2693, Time: 00:04:51

Health: 0/27       AC:  1    Str:  7    XL:     4   Next: 89%
Magic:  8/8        EV: 13    Int: 19    God:
Gold:   115        SH:  0    Dex: 12    Spells: 6/9 levels left

rFire   . . .      SeeInvis .   p - +2 dagger (flame)
rCold   . . .      Faith    .   (no shield)
rNeg    . . .      Spirit   .   (helmet restricted)
rPois   .          Reflect  .   (no amulet)
rElec   .          Harm     .   a - ring of resist corrosion
rCorr   +          Rampage  .   (no ring)
Will    .....                   (no ring)
Stlth   +++.......              (no ring)
HPRegen 0.09/turn               (no ring)
MPRegen 0.11/turn               (no ring)
                                (no ring)
                                (no ring)

@: no status effects
A: almost no armour, amphibious, 8 rings, camouflage 1, gelatinous body 1,
(nimble swimmer 1), tentacles
a: no special abilities


You were on level 2 of the Dungeon.
You visited 1 branch of the dungeon, and saw 3 of its levels.

You collected 115 gold pieces.

Inventory:

Hand Weapons
 p - a +2 dagger of flaming (weapon)
Missiles
 b - 8 stones
Jewellery
 a - a ring of resist corrosion (left tentacle)
 h - a ring of fire
 n - an amulet of faith
Scrolls
 c - a scroll of amnesia {unknown}
 d - a scroll of teleportation {unknown}
 g - a scroll of fear {unknown}
 i - a scroll of vulnerability {unknown}
 k - a scroll of enchant armour {unknown}
 r - a scroll of brand weapon {unknown}
Potions
 e - a potion of mutation {unknown}
 f - a potion of haste {unknown}
 j - a potion of curing {unknown}
 l - a potion of cancellation {unknown}
 m - a potion of flight {unknown}
 o - a potion of heal wounds {unknown}
 q - a potion of lignification {unknown}


   Skills:
 + Level 0.4 Fighting
 + Level 2.0 Dodging
 - Level 2.6 Stealth
 + Level 0.2 Unarmed Combat
 + Level 3.0 Spellcasting
 * Level 2.2 Conjurations
 + Level 1.0 Transmutations
 + Level 3.8 Earth Magic


You had 6 spell levels left.
You knew the following spells:

 Your Spells              Type           Power      Damage    Failure   Level
a - Sandblast             Erth           34%        2d9       3%          1
b - Passwall              Tmut/Erth      10%        N/A       9%          2

Your spell library contained the following spells:

 Spells                   Type           Power      Damage    Failure   Level
 Stone Arrow              Conj/Erth      28%        3d8       13%         3
 Petrify                  Tmut/Erth      12%        N/A       50%         4


Dungeon Overview and Level Annotations

Branches:
Dungeon (3/15)

Altars:
Yredelemnul

Shops:
D:3 =


Innate Abilities, Weirdness & Mutations

You cannot wear most types of armour.
You are amphibious.
You can wear up to eight rings at the same time.
Your skin changes colour to match your surroundings (Stealth+).
Your rubbery body absorbs attacks. (AC +1, EV +1)
((You are camouflaged when in or above water. (Stealth+)))
You have tentacles for arms and can constrict up to eight enemies at once.


Message History

Unknown command.
Unknown command.
You have 115 gold pieces.
You see here a bullfrog corpse.
Found a stone staircase leading down.
r - a scroll labelled ZIOBBUS TEUCIO
There is a stone staircase leading down here.
A rat comes into view.
You can't see any susceptible monsters within range! (Use Z to cast anyway.)
You can't see any susceptible monsters within range! (Use Z to cast anyway.)
You can't see any susceptible monsters within range! (Use Z to cast anyway.)
You can't see any susceptible monsters within range! (Use Z to cast anyway.) No target in view!
No target in view!
A rat is nearby!
The blast of sand hits the rat!
You kill the rat!
Found a stone staircase leading up.
You see here a rat corpse.
A sky beast comes into view.
Okay, then.
The sky beast flickers out of sight!
Deactivating autopickup; reactivate with Ctrl-A.
You see here a rat corpse.
There is a stone staircase leading up here.
There is a stone staircase leading up here.
Something hits you. Something shocks you.
There is a stone staircase leading up here.
Something hits you but does no damage.
You climb upwards.
Reactivating autopickup.
There is a stone staircase leading down here.
Deactivating autopickup; reactivate with Ctrl-A.
You barely miss something. Something hits you. Something shocks you.
Something hits you.
* * * LOW HITPOINT WARNING * * *
Something shocks you.
* * * LOW HITPOINT WARNING * * *
Something hits you.
You die...

######## ######
#......#
.....########.####.###
..............>.@....#
####.#.###.##....#.#.#
#.#.###.#######.#.#
#.#...........#.#.# #
#.#####...###.#.#.# #
#...........#.#.#.# ##
#####.....#.#.#.#.#
.#######.......#.#.#.#
...................#.#


There were no monsters in sight!

Vanquished Creatures
  A bullfrog (D:3)
  An adder (D:3)
  A worm (D:3)
  An orc (D:3)
  3 ball pythons
  A bat (D:1)
  3 endoplasms
  3 hobgoblins
  6 kobolds
  A quokka (D:1)
  6 frilled lizards
  7 rats
34 creatures vanquished.

Notes
Turn   | Place    | Note
-------+----------+-------------------------------------------
     0 | D:1      | Akaron the Octopode Earth Elementalist began the quest for
                  | the Orb.
     0 | D:1      | Reached XP level 1. HP: 11/11 MP: 3/3
    90 | D:1      | You fall into a shaft and drop 1 floor!
   244 | D:1      | Reached skill level 1 in Conjurations
   244 | D:1      | Reached XP level 2. HP: 17/17 MP: 1/5
   247 | D:1      | Learned a level 2 spell: Passwall
   702 | D:1      | Found a faded altar of an unknown god.
  1056 | D:2      | Found a basalt altar of Yredelemnul.
  1654 | D:2      | Reached XP level 3. HP: 21/21 MP: 4/6
  2502 | D:3      | Noticed a bullfrog
  2503 | D:3      | Found Tinkiem's Jewellery Emporium.
  2506 | D:3      | Killed a bullfrog
  2507 | D:3      | Reached XP level 4. HP: 17/27 MP: 3/8
  2674 | D:3      | Noticed a sky beast
  2692 | D:2      | HP: 1/27 [something (6)]
  2693 | D:2      | Slain by a sky beast

Illustrated notes

Levels and vault maps discovered:
D:1:      wander_arrival_desolate, layout_basic,
          hellmonk_ecumenical_altar_inner_sanctum, minmay_split_cup_small
D:2:      layout_basic, basic_altar, lightli_corner_chamber
D:3:      layout_basic, lemuel_round_altar, serial_shops, nicolae_shop_crystal

Skill      XL: |  1  2  3 |
---------------+----------+-----
Conjurations   | 1 2 |  2.2
Spellcasting   | 3 |  3.0
Fighting       | |  0.4
Dodging        | |  2.0
Stealth        | |  2.6
Unarmed Combat | |  0.2
Transmutations | |  1.0
Earth Magic    | |  3.8

Action                   |  1- 3 |  4- 6 || total
-------------------------+-------+-------++-------
Melee: Unarmed           |    21 |       ||    21
       Constrict         |     5 |       ||     5
       Punch             |     1 |       ||     1
       Tentacles         |     1 |       ||     1
       Dagger            |     1 |     1 ||     2
 Cast: Sandblast         |    52 |     1 ||    53
       Passwall          |     1 |       ||     1
Armor: Skin              |     3 |     1 ||     4
Dodge: Dodged            |    27 |       ||    27
